HS
PUYALLUP HS VANDALS @ CRETIN-DERHAM HALL HS RAIDERS
03/28/2060
 
TOP OF THE 1ST
Puyallup HS Vandals batting - Pitching for Cretin-Derham Hall HS Raiders : RHP Billy Karnas
Pitching: RHP Billy Karnas
Batting: RHB Cody Dorman 0-0: Swinging Strike
0-1: Foul Ball, location: 2F
0-2: Ball
1-2: Ball
2-2: Ball
3-2: Strikes out swinging
Batting: SHB Bailey Walker 0-0: Called Strike
0-1: Ball
1-1: Foul Ball, location: 2F
1-2: Foul Ball, location: 2F
1-2: Fly out, F5 (Line Drive, 5L, EV 71.2 MPH)
Batting: LHB Alec Boersen 0-0: Ball
1-0: Ball
2-0: Ball
3-0: Base on Balls
Batting: RHB Skyler Musso 0-0: Swinging Strike
0-1: SINGLE (Line Drive, 89S, EV 91.9 MPH)
Alec Boersen to second
Runner from 2nd tries for 3rd, SAFE, throw by CF made to third
Batting: SHB Avery Moon 0-0: Ball
1-0: Called Strike
1-1: Fly out, F8 (Flyball, 8RS, EV 88.1 MPH)
Top of the 1st over - 0 runs, 1 hit, 0 errors, 2 left on base; Puyallup HS 0 - Cretin-Derham Hall HS 0
BOTTOM OF THE 1ST
Cretin-Derham Hall HS Raiders batting - Pitching for Puyallup HS Vandals : RHP Xavier Rule
Pitching: RHP Xavier Rule
Batting: SHB Damien Davis 0-0: Called Strike
0-1: Ball
1-1: Called Strike
1-2: Foul Ball, location: 2F
1-2: Ball
2-2: Ball
3-2: Base on Balls
Batting: LHB Sean Radel 0-0: Ball
1-0: Called Strike
Damien Davis steals 2nd base
1-1: Called Strike
1-2: Foul Ball, location: 2F
1-2: Fly out, F7 (Flyball, 78S, EV 76.2 MPH)
Batting: RHB Chase Wright 0-0: Called Strike
Damien Davis steals 3rd base (no throw)
0-1: Ball
1-1: SINGLE (Groundball, 6MD, EV 108.1 MPH)
Damien Davis scores
Batting: SHB Miles Rockwood 0-0: DOUBLE (Line Drive, 3D, EV 96.9 MPH)
Chase Wright to third
Batting: LHB E.J. Tierney 0-0: Ball
1-0: Ball
2-0: Fly out, F9 (Flyball, 89M, EV 90.0 MPH)
Batting: RHB Raven Nieves 0-0: Ball
1-0: Called Strike
1-1: Ball
2-1: Called Strike
2-2: Reached via error on a dropped throw from SS, E3 (Groundball, 6, EV 81.2 MPH)
Chase Wright scores
Miles Rockwood to third
Pitching: LHP Isaac Sentell
Batting: RHB Rick McGivney 0-0: Ball
1-0: Called Strike
1-1: Foul Ball, location: 2F
1-2: Ground out 1-3 (Groundball, 15, EV 71.9 MPH)
Bottom of the 1st over - 2 runs, 2 hits, 1 error, 2 left on base; Puyallup HS 0 - Cretin-Derham Hall HS 2
TOP OF THE 2ND
Puyallup HS Vandals batting - Pitching for Cretin-Derham Hall HS Raiders : RHP Billy Karnas
Batting: RHB Bailey Walter 0-0: Ball
1-0: Foul Ball, location: 2F
1-1: Fly out, F9 (Flyball, 89S, EV 85.6 MPH)
Batting: RHB Treshawn Hanchett 0-0: Ball
1-0: Foul Ball, location: 2F
1-1: Called Strike
1-2: Fly out, F7 (Flyball, 7S, EV 76.2 MPH)
Batting: RHB Blake Sparling 0-0: Ball
1-0: Ball
2-0: Swinging Strike
2-1: Called Strike
2-2: Ball
3-2: Base on Balls
Batting: RHB J.R. LaField 0-0: Ball
1-0: Fly out, F8 (Flyball, 78M, EV 94.4 MPH)
Top of the 2nd over - 0 runs, 0 hits, 0 errors, 1 left on base; Puyallup HS 0 - Cretin-Derham Hall HS 2
BOTTOM OF THE 2ND
Cretin-Derham Hall HS Raiders batting - Pitching for Puyallup HS Vandals : LHP Isaac Sentell
Batting: RHB Eli Engelsen 0-0: Ball
1-0: Ball
2-0: Called Strike
2-1: SINGLE (Line Drive, 56D, EV 108.1 MPH)
Batting: RHB Kylie Withers 0-0: Called Strike
0-1: Ball
1-1: Foul Ball, location: 2F
1-2: DOUBLE (Flyball, 8RXD, EV 106.2 MPH)
Eli Engelsen to third
Batting: SHB Damien Davis 0-0: Foul Ball, location: 2F
0-1: Swinging Strike
0-2: Foul Ball, location: 2F
0-2: Ball
1-2: Strikes out swinging
Batting: LHB Sean Radel 0-0: Ball
1-0: Ball
2-0: Called Strike
2-1: Swinging Strike
2-2: Foul Ball, location: 2F
2-2: Foul Ball, location: 2F
2-2: Ground out 5-3 (Groundball, 56, EV 85.0 MPH)
Eli Engelsen scores
Batting: RHB Chase Wright 0-0: Called Strike
0-1: Foul Ball, location: 2F
0-2: Ball
1-2: Ball
2-2: Ball
3-2: Strikes out swinging
Bottom of the 2nd over - 1 run, 2 hits, 0 errors, 1 left on base; Puyallup HS 0 - Cretin-Derham Hall HS 3
TOP OF THE 3RD
Puyallup HS Vandals batting - Pitching for Cretin-Derham Hall HS Raiders : RHP Billy Karnas
Batting: RHB Cody Dorman 0-0: Called Strike
0-1: Foul Ball, location: 2F
0-2: Ball
1-2: Ball
2-2: SINGLE (Line Drive, 9LM, EV 102.5 MPH)
Batting: SHB Bailey Walker 0-0: Foul Ball, location: 2F
0-1: Hit by Pitch
Cody Dorman to second
Batting: LHB Alec Boersen 0-0: Ball
1-0: Ball
2-0: Ball
3-0: Base on Balls
Cody Dorman to third
Bailey Walker to second
Batting: RHB Skyler Musso 0-0: Foul Ball, location: 2F
0-1: DOUBLE (Flyball, 8LXD, EV 97.5 MPH)
Cody Dorman scores
Bailey Walker scores
Alec Boersen to third
Batting: SHB Avery Moon 0-0: Ball
1-0: SINGLE (Groundball, 34D, EV 109.4 MPH)
Alec Boersen scores
Skyler Musso to third
Batting: RHB Bailey Walter 0-0: Ball
1-0: Called Strike
1-1: SINGLE (Flyball, 4D, EV 86.9 MPH)
Skyler Musso scores
Avery Moon to second
Batting: RHB Treshawn Hanchett 0-0: Called Strike
0-1: Called Strike
0-2: Ball
1-2: Foul Ball, location: 2F
1-2: Strikes out swinging
Batting: RHB Blake Sparling 0-0: Fielders Choice at 2nd, 6-4 (Groundball, 56, EV 85.6 MPH)
Avery Moon to third
Batting: RHB J.R. LaField 0-0: Called Strike
0-1: Ball
1-1: Ball
2-1: Fly out, F8 (Flyball, 89M, EV 91.9 MPH)
Top of the 3rd over - 4 runs, 4 hits, 0 errors, 2 left on base; Puyallup HS 4 - Cretin-Derham Hall HS 3
BOTTOM OF THE 3RD
Cretin-Derham Hall HS Raiders batting - Pitching for Puyallup HS Vandals : LHP Isaac Sentell
Batting: SHB Miles Rockwood 0-0: Called Strike
0-1: Ball
1-1: Called Strike
1-2: Ball
2-2: Fly out, F9 (Flyball, 9, EV 88.1 MPH)
Batting: LHB E.J. Tierney 0-0: Ball
1-0: Foul Ball, location: 2F
1-1: Ball
2-1: Foul Ball, location: 2F
2-2: Ground out 5-3 (Groundball, 5, EV 91.9 MPH)
Batting: RHB Raven Nieves 0-0: Ball
1-0: Called Strike
1-1: Foul Ball, location: 2F
1-2: Foul Ball, location: 2F
1-2: Ball
2-2: Foul Ball, location: 2F
2-2: SINGLE (Flyball, 89S, EV 95.0 MPH)
Batting: RHB Rick McGivney 0-0: Called Strike
0-1: Ball
1-1: Ball
2-1: Ball
3-1: Called Strike
3-2: Foul Ball, location: 2F
3-2: Base on Balls
Raven Nieves to second
Batting: RHB Eli Engelsen 0-0: Ball
1-0: Ball
2-0: Foul Ball, location: 2F
2-1: SINGLE (Flyball, 7S, EV 92.5 MPH)
Raven Nieves to third
Rick McGivney to second
Runner from 3rd tries for Home, SAFE, throw by LF to home
Pinch Hitting: RHB Ismael Steele 0-0: Ball
1-0: Ball
2-0: Foul Ball, location: 2F
2-1: Foul Ball, location: 2F
2-2: Strikes out swinging
Bottom of the 3rd over - 1 run, 2 hits, 0 errors, 2 left on base; Puyallup HS 4 - Cretin-Derham Hall HS 4
TOP OF THE 4TH
Puyallup HS Vandals batting - Pitching for Cretin-Derham Hall HS Raiders : RHP Billy Karnas
Now at 3B: Huck Vimaranes
Batting: RHB Cody Dorman 0-0: Hit by Pitch
Pinch Runner at 1st Al Emmett:
Batting: SHB Bailey Walker 0-0: Ball
1-0: Called Strike
1-1: Ball
2-1: Ball
3-1: Swinging Strike
3-2: Foul Ball, location: 2F
3-2: Foul Ball, location: 2F
3-2: Strikes out swinging
Al Emmett steals 2nd base
Batter strikes out.
Batting: LHB Alec Boersen 0-0: Ball
1-0: Ball
2-0: Ball
3-0: Called Strike
3-1: Foul Ball, location: 2F
3-2: Fly out, F7 (Line Drive, 7S, EV 103.1 MPH)
Batting: RHB Skyler Musso 0-0: Ground out 5-3 (Groundball, 56S, EV 83.8 MPH)
Top of the 4th over - 0 runs, 0 hits, 0 errors, 1 left on base; Puyallup HS 4 - Cretin-Derham Hall HS 4
BOTTOM OF THE 4TH
Cretin-Derham Hall HS Raiders batting - Pitching for Puyallup HS Vandals : LHP Isaac Sentell
Now at 2B: Al Emmett
Batting: SHB Damien Davis 0-0: Swinging Strike
0-1: Ball
1-1: Called Strike
1-2: Foul Ball, location: 2F
1-2: Strikes out looking
Batting: LHB Sean Radel 0-0: Ball
1-0: Ball
2-0: Called Strike
2-1: Foul Ball, location: 2F
2-2: Strikes out swinging
Batting: RHB Chase Wright 0-0: Swinging Strike
0-1: Ball
1-1: Swinging Strike
1-2: Strikes out swinging
Bottom of the 4th over - 0 runs, 0 hits, 0 errors, 0 left on base; Puyallup HS 4 - Cretin-Derham Hall HS 4
TOP OF THE 5TH
Puyallup HS Vandals batting - Pitching for Cretin-Derham Hall HS Raiders : RHP Billy Karnas
Batting: SHB Avery Moon 0-0: Called Strike
0-1: Ground out 3-1 (Groundball, 34, EV 87.5 MPH)
Pitching: RHP Brent Mikulak
Batting: RHB Bailey Walter 0-0: Ball
1-0: Called Strike
1-1: Ball
2-1: Foul Ball, location: 2F
2-2: Foul Ball, location: 2F
2-2: Strikes out looking
Batting: RHB Treshawn Hanchett 0-0: Ball
1-0: Ball
2-0: Ball
3-0: Swinging Strike
3-1: Base on Balls
Batting: RHB Blake Sparling 0-0: Ball
Wild Pitch!
Treshawn Hanchett to second
1-0: Ball
2-0: Ball
3-0: Base on Balls
Batting: RHB J.R. LaField 0-0: Called Strike
0-1: Swinging Strike
0-2: Fielders Choice at 2nd, 6-4 (Groundball, 56, EV 86.2 MPH)
Top of the 5th over - 0 runs, 0 hits, 0 errors, 2 left on base; Puyallup HS 4 - Cretin-Derham Hall HS 4
BOTTOM OF THE 5TH
Cretin-Derham Hall HS Raiders batting - Pitching for Puyallup HS Vandals : LHP Isaac Sentell
Pitching: LHP Kory Morris
Batting: SHB Miles Rockwood 0-0: Called Strike
0-1: Ball
1-1: Ball
2-1: Fly out, F9 (Line Drive, 89S, EV 87.5 MPH)
Batting: LHB E.J. Tierney 0-0: Called Strike
0-1: Ball
1-1: Fly out, F9 (Line Drive, 9D, EV 97.5 MPH)
Batting: RHB Raven Nieves 0-0: SINGLE (Flyball, 8RS, EV 93.1 MPH)
Batting: RHB Rick McGivney 0-0: Fly out, F8 (Flyball, 8RXD, EV 102.5 MPH)
Bottom of the 5th over - 0 runs, 1 hit, 0 errors, 1 left on base; Puyallup HS 4 - Cretin-Derham Hall HS 4
TOP OF THE 6TH
Puyallup HS Vandals batting - Pitching for Cretin-Derham Hall HS Raiders : RHP Brent Mikulak
Batting: RHB Al Emmett 0-0: Swinging Strike
0-1: Ball
1-1: SINGLE (Flyball, 3D, EV 95.6 MPH)
Batting: SHB Bailey Walker 0-0: Fly out, F9 (Flyball, 9, EV 84.4 MPH)
Batting: LHB Alec Boersen 0-0: Ball
1-0: DOUBLE (Flyball, 89XD, EV 97.5 MPH)
Al Emmett to third
Batting: RHB Skyler Musso 0-0: Foul Ball, location: 2F
0-1: Foul Ball, location: 2F
0-2: Fly out, F7 (Line Drive, 78M, EV 98.8 MPH)
Runner from 3rd tags up, SCORES, no throw by LF
Pitching: RHP Rayden Aitken
Batting: SHB Avery Moon 0-0: Ball
1-0: Called Strike
1-1: Ball
2-1: Ball
3-1: Base on Balls
Pinch Runner at 2nd David Bowen:
Batting: RHB Bailey Walter 0-0: Foul Ball, location: 2F
0-1: Called Strike
0-2: Ball
1-2: 3-RUN HOME RUN (Flyball, 7D, EV 95.0 MPH), Distance : 366 ft
Batting: RHB Treshawn Hanchett 0-0: Called Strike
0-1: Called Strike
0-2: Strikes out swinging
Top of the 6th over - 4 runs, 3 hits, 0 errors, 0 left on base; Puyallup HS 8 - Cretin-Derham Hall HS 4
BOTTOM OF THE 6TH
Cretin-Derham Hall HS Raiders batting - Pitching for Puyallup HS Vandals : LHP Kory Morris
Now in LF: Markel Johnson
Batting: RHB Eli Engelsen 0-0: Swinging Strike
0-1: Called Strike
0-2: Foul Ball, location: 2F
0-2: Ball
1-2: Strikes out swinging
Batting: SHB Huck Vimaranes 0-0: Ball
1-0: Called Strike
1-1: Foul Ball, location: 2F
1-2: Fly out, F9 (Line Drive, 9S, EV 90.6 MPH)
Batting: SHB Damien Davis 0-0: Called Strike
0-1: Ball
1-1: Swinging Strike
1-2: Foul Ball, location: 2F
1-2: Strikes out swinging
Bottom of the 6th over - 0 runs, 0 hits, 0 errors, 0 left on base; Puyallup HS 8 - Cretin-Derham Hall HS 4
TOP OF THE 7TH
Puyallup HS Vandals batting - Pitching for Cretin-Derham Hall HS Raiders : RHP Rayden Aitken
Batting: RHB Blake Sparling 0-0: Ground out 4-3 (Groundball, 4MD, EV 83.1 MPH)
Batting: RHB J.R. LaField 0-0: Ground out 5-3 (Groundball, 56S, EV 90.6 MPH)
Batting: RHB Al Emmett 0-0: Foul Ball, location: 2F
0-1: Swinging Strike
0-2: Ball
1-2: Fly out, F8 (Line Drive, 8LD, EV 106.9 MPH)
Top of the 7th over - 0 runs, 0 hits, 0 errors, 0 left on base; Puyallup HS 8 - Cretin-Derham Hall HS 4
BOTTOM OF THE 7TH
Cretin-Derham Hall HS Raiders batting - Pitching for Puyallup HS Vandals : LHP Kory Morris
Batting: LHB Sean Radel 0-0: Called Strike
0-1: Ball
1-1: Ball
2-1: Ball
3-1: Swinging Strike
3-2: Reached on error, E6 (Groundball, 6D, EV 83.1 MPH)
Batting: RHB Chase Wright 0-0: Ball
1-0: SINGLE (Flyball, 8LS, EV 87.5 MPH)
Sean Radel to second
Batting: SHB Miles Rockwood 0-0: SINGLE (Line Drive, 8RS, EV 111.9 MPH)
Sean Radel to third
Chase Wright to second
Batting: LHB E.J. Tierney 0-0: DOUBLE (Flyball, 8RXD, EV 107.5 MPH)
Sean Radel scores
Chase Wright scores
Miles Rockwood to third
Runner from 3rd tries for Home, throw by CF and OUT! 8-4-2
Batting: RHB Raven Nieves 0-0: Called Strike
0-1: Ball
1-1: Ball
2-1: DOUBLE (Line Drive, 78M, EV 102.5 MPH)
E.J. Tierney scores
Pitching: LHP Riley Hinkle
Batting: RHB Rick McGivney 0-0: Ball
1-0: Ball
2-0: Ball
3-0: Called Strike
3-1: Base on Balls
Batting: RHB Eli Engelsen 0-0: Swinging Strike
0-1: Ball
1-1: SINGLE (Groundball, 34D, EV 99.4 MPH)
Raven Nieves to third
Rick McGivney to second
Batting: SHB Huck Vimaranes 0-0: Swinging Strike
0-1: Foul Ball, location: 2F
0-2: Ball
1-2: Strikes out looking
Batting: SHB Damien Davis 0-0: Foul Ball, location: 2F
0-1: Ground out 4-3 (Groundball, 4S, EV 86.9 MPH)
Bottom of the 7th over - 3 runs, 5 hits, 1 error, 3 left on base; Puyallup HS 8 - Cretin-Derham Hall HS 7
TOP OF THE 8TH
Puyallup HS Vandals batting - Pitching for Cretin-Derham Hall HS Raiders : RHP Rayden Aitken
Batting: SHB Bailey Walker 0-0: Called Strike
0-1: Foul Ball, location: 2F
0-2: Ball
1-2: Ground out 1-3 (Groundball, 34S, EV 76.9 MPH)
Batting: RHB Markel Johnson 0-0: Called Strike
0-1: Foul Ball, location: 2F
0-2: Ball
1-2: Strikes out looking
Batting: RHB Skyler Musso 0-0: Called Strike
0-1: Ball
1-1: Foul Ball, location: 2F
1-2: Strikes out swinging
Top of the 8th over - 0 runs, 0 hits, 0 errors, 0 left on base; Puyallup HS 8 - Cretin-Derham Hall HS 7
BOTTOM OF THE 8TH
Cretin-Derham Hall HS Raiders batting - Pitching for Puyallup HS Vandals : LHP Riley Hinkle
Batting: LHB Sean Radel 0-0: Ball
1-0: Ball
2-0: Ground out 6-3 (Groundball, 6, EV 81.2 MPH)
Batting: RHB Chase Wright 0-0: Ball
1-0: Ball
2-0: Called Strike
2-1: Foul Ball, location: 2F
2-2: SINGLE (Line Drive, 9LD, EV 101.2 MPH)
Batting: SHB Miles Rockwood 0-0: Grounds into double play, 4-6-3 (Groundball, 34, EV 79.4 MPH)
Bottom of the 8th over - 0 runs, 1 hit, 0 errors, 0 left on base; Puyallup HS 8 - Cretin-Derham Hall HS 7
TOP OF THE 9TH
Puyallup HS Vandals batting - Pitching for Cretin-Derham Hall HS Raiders : RHP Rayden Aitken
Pitching: LHP Evan Hill
Batting: SHB Avery Moon 0-0: Ball
1-0: Called Strike
1-1: Ball
2-1: Fly out, F8 (Flyball, 8RM, EV 83.1 MPH)
Batting: RHB Bailey Walter 0-0: Ball
1-0: Called Strike
1-1: Swinging Strike
1-2: SINGLE (Groundball, 4D, EV 98.1 MPH)
Batting: RHB Treshawn Hanchett 0-0: Swinging Strike
0-1: Foul Ball, location: 2F
0-2: Ball
1-2: Strikes out swinging
Batting: RHB Blake Sparling 0-0: Ball
1-0: Ball
2-0: Called Strike
2-1: SINGLE (Groundball, 2L, EV 69.4 MPH) (infield hit)
Bailey Walter to second
Batting: RHB J.R. LaField 0-0: Ball
1-0: Ball
2-0: Ground out 5-3 (Groundball, 15, EV 88.8 MPH)
Top of the 9th over - 0 runs, 2 hits, 0 errors, 2 left on base; Puyallup HS 8 - Cretin-Derham Hall HS 7
BOTTOM OF THE 9TH
Cretin-Derham Hall HS Raiders batting - Pitching for Puyallup HS Vandals : LHP Riley Hinkle
Pitching: LHP Braden Arceneaux
Batting: LHB E.J. Tierney 0-0: Swinging Strike
0-1: Foul Ball, location: 2F
0-2: Foul Ball, location: 2F
0-2: Fly out, F7 (Flyball, 78S, EV 84.4 MPH)
Batting: RHB Raven Nieves 0-0: Ball
1-0: Called Strike
1-1: Ball
2-1: Single, Error in OF, E9, batter to second base (Groundball, 34D, EV 95.0 MPH)
Batting: RHB Rick McGivney 0-0: Ball
1-0: Called Strike
1-1: Fly out, F7 (Flyball, 7LM, EV 90.0 MPH)
Batting: RHB Eli Engelsen 0-0: Fly out, F7 (Flyball, 7, EV 90.0 MPH)
Bottom of the 9th over - 0 runs, 1 hit, 1 error, 1 left on base; Puyallup HS 8 - Cretin-Derham Hall HS 7
Wednesday, April 17th , 2024 - OOTP Baseball 23.10 Build 110